 Dungeon Crawl Stone Soup version 0.26.1-2-gb8aa6d0cf2 (webtiles) character file.

Game seed: 14680346669081732969

1235 axecop the Distorting Demonspawn (level 8, 38/60 HPs)
             Began as a Demonspawn Abyssal Knight on Mar 16, 2021.
             Was a Believer of Lugonu.
             Quit the game on level 7 of the Dungeon.
             The game lasted 00:06:27 (7244 turns).

axecop the Distorting Demonspawn (DsAK)             Turns: 7244, Time: 00:06:27

Health: 38/60      AC:  3    Str: 14    XL:     8   Next: 24%
Magic:  13/13      EV: 18    Int: 14    God:    Lugonu [**....]
Gold:   165        SH:  0    Dex: 11    Spells: 7/7 levels left

rFire    + . .     SeeInvis .   a - +3 morningstar (venom)
rCold    . . .     Faith    .   (no shield)
rNeg     + . .     Spirit   .   A - +0 ring mail (curse)
rPois    .         Reflect  .   (helmet restricted)
rElec    .         Harm     .   (no cloak)
rCorr    .         Rampage  .   (no gloves)
Will     .....                  (no boots)
Stlth    +.........             i - amulet of regeneration
HPRegen  0.60/turn              s - ring of protection from fire
MPRegen  0.13/turn              t - ring of positive energy

@: agile
A: horns 1, repulsion field 2, clumsy 1, deformed body, mutation resistance 1,
powered by pain 2
a: Renounce Religion, Depart the Abyss, Bend Space


You were on level 7 of the Dungeon.
You worshipped Lugonu.
Lugonu was pleased with you.
You visited 1 branch of the dungeon, and saw 7 of its levels.
You visited the Abyss 1 time.

You collected 333 gold pieces.
You spent 168 gold pieces at shops.

Inventory:

Hand Weapons
 a - a +3 morningstar of venom (weapon)
 u - a +2 vampiric short sword
 x - a +2 shortbow of flaming
 z - a +1 mace
 C - a +2 vampiric hand axe
Missiles
 l - 67 stones (quivered)
 m - 81 arrows
 n - 40 bolts
 o - 10 poisoned darts
 y - 24 sling bullets
 D - 2 boomerangs
Armour
 b - a +0 leather armour
 A - a cursed +0 ring mail (worn)
Jewellery
 i - an amulet of regeneration (around neck)
 q - an uncursed ring of fire
 s - a ring of protection from fire (left hand)
 t - a ring of positive energy (right hand)
Scrolls
 d - 2 scrolls of immolation
 e - 6 scrolls of amnesia
 h - 4 scrolls of remove curse
 p - 5 scrolls of teleportation
 B - a scroll of fog
Potions
 f - a potion of ambrosia
 g - a potion of resistance
 j - a potion of heal wounds
 k - 2 potions of curing
 r - a potion of attraction
 w - a potion of cancellation {unknown}


   Skills:
 + Level 4.2 Fighting
 * Level 6.9 Maces & Flails
 + Level 3.3 Armour
 - Level 0.8 Dodging
 + Level 7.0 Invocations


You had 7 spell levels left.
You didn't know any spells.
Your spell library contained the following spells:

 Spells                   Type           Power        Failure   Level
 Confusing Touch          Hex            0%           86%         3
 Gell's Gravitas          Tloc           0%           86%         3
 Petrify                  Tmut/Erth      0%           99%         4
 Metabolic Englaciation   Hex/Ice        0%           100%        5
 Yara's Violent Unravell  Hex/Tmut       0%           100%        5


Dungeon Overview and Level Annotations

Branches:
Dungeon (7/15)             Temple (0/1) D:7

Altars:
Cheibriados
Elyvilon
Fedhas
Ru
Uskayaw
Wu Jian
Xom
The Shining One

Shops:
D:5 *

Annotations:
D:4 Grinder


Innate Abilities, Weirdness & Mutations

You have a pair of small horns on your head.
You are surrounded by a moderate repulsion field. (EV +3)
You sometimes gain power by taking damage.
You are clumsy. (Dex -2)
Armour fits poorly on your strangely shaped body.
You are somewhat resistant to further mutation.


Message History

You hit the orc warrior but do no damage.
The orc warrior looks as sick as possible!
Your headbutt misses the orc warrior.
The orc warrior is severely wounded.
You kill the orc warrior!
Lugonu accepts your kill.
Your Invocations skill increases to level 7!
v - 2 fuming dark potions (gained 1);
e - 6 scrolls of amnesia (gained 1)
Things that are here:
a +0 short sword; a +0 plate armour; an orc corpse
There is a fountain of clear blue water here.
There is a fountain of clear blue water here.
It was a potion of mutation.
You feel extremely strange.
You feel a little pissed off.
Your vision blurs.
Your vision sharpens.
You feel genetically stable.
Really quaff the potion of mutation?
You feel extremely strange.
You feel genetically unstable.
You feel a little more calm.
Your body twists and deforms.
You feel clumsy.
You feel genetically stable.
Are you sure you want to abandon this character and quit the game? (Confirm with "yes".)

#..#.........#.#
#........).....#
#.##..⌠...⌠..#.#
#..#.........#.#
#.......>......#
#.##)........#.#
#.†#..⌠...⌠..#.###
#................#
###)##........@#.#.#
#...###.##.##.## #
#.### #.#..##.# #.#
#.#.###.. #.# #...
.... #†# #### ##...
#.# #. #.# #.#


There were no monsters in sight!

Vanquished Creatures
  Duvessa (D:5)
  An orc warrior (D:7)
  A sky beast (D:7)
  2 phantoms
  2 centaurs (D:5)
  A bullfrog (D:7)
  Dowan (D:5)
  A centaur zombie (D:6)
  A bullfrog zombie (D:5)
  3 orc priests
  3 orc wizards
  2 iguanas (D:4)
  2 worker ants (D:4)
  5 adders
  3 gnolls (D:5)
  A shadow imp (D:6)
  An ufetubus (D:5)
  2 adder skeletons
  A dart slug (D:3)
  2 leopard geckos
  21 orcs
  2 bats
  A giant cockroach (D:3)
  5 goblins
  4 hobgoblins
  5 jackals (D:4)
  A quokka (D:2)
  2 ball pythons (D:4)
  4 frilled lizards
  4 kobolds
  2 rats (D:2)
87 creatures vanquished.

Vanquished Creatures (others)
  A plant (D:5)
1 creature vanquished.

Grand Total: 88 creatures vanquished

Notes
Turn   | Place    | Note
-------+----------+-------------------------------------------
     0 | Abyss:1  | axecop the Demonspawn Abyssal Knight began the quest for
                  | the Orb.
     0 | Abyss:1  | Reached XP level 1. HP: 18/18 MP: 2/2
   140 | Abyss:1  | Noticed a large abomination
   152 | Abyss:1  | Noticed a raiju
   154 | D:1      | Escaped the Abyss
   544 | D:1      | Gained mutation: You are surrounded by a mild repulsion
                  | field. (EV +2) [demonic ancestry]
   544 | D:1      | Reached XP level 2. HP: 13/24 MP: 4/4
  1367 | D:2      | Reached * piety under Lugonu
  1369 | D:2      | Reached skill level 3 in Invocations
  1639 | D:2      | Found a snail-covered altar of Cheibriados.
  1778 | D:2      | Found a shimmering altar of Xom.
  1896 | D:2      | Found a faded altar of an unknown god.
  2616 | D:3      | Found a blossoming altar of Fedhas.
  2697 | D:3      | Found an ornate altar of the Wu Jian Council.
  2901 | D:3      | Gained mutation: You sometimes gain a little power by
                  | taking damage. [demonic ancestry]
  2901 | D:3      | Reached XP level 3. HP: 29/29 MP: 5/5
  3192 | D:4      | Gained mutation: You are surrounded by a moderate repulsion
                  | field. (EV +3) [demonic ancestry]
  3192 | D:4      | Reached XP level 4. HP: 34/35 MP: 6/6
  3322 | D:4      | Noticed a phantom
  3390 | D:4      | Killed a phantom
  3391 | D:4      | Reached skill level 4 in Invocations
  3391 | D:4      | Gained mutation: You sometimes gain power by taking damage.
                  | [demonic ancestry]
  3391 | D:4      | Reached XP level 5. HP: 24/41 MP: 6/8
  3643 | D:4      | Reached skill level 5 in Invocations
  3814 | D:4      | Reached XP level 6. HP: 40/47 MP: 9/9
  3978 | D:4      | Noticed Grinder
  4206 | D:5      | Entered Level 5 of the Dungeon
  4260 | D:5      | Reached skill level 5 in Maces & Flails
  4262 | D:5      | HP: 1/47 [gnoll/+0 halberd (13)]
  4283 | D:5      | HP: 1/47 [gnoll/+0 halberd (11)]
  4658 | D:4      | Found a sacrificial altar of Ru.
  4755 | D:5      | Found Ataire's Assorted Antiques.
  4764 | D:5      | Bought a glowing morningstar for 168 gold pieces
  4853 | D:6      | Reached ** piety under Lugonu
  5292 | D:5      | Noticed Dowan
  5294 | D:5      | Noticed Duvessa
  5318 | D:5      | Killed Duvessa
  5319 | D:5      | Reached skill level 6 in Invocations
  5319 | D:5      | Gained mutation: You have a pair of small horns on your
                  | head. [demonic ancestry]
  5319 | D:5      | Reached XP level 7. HP: 12/52 MP: 9/11
  5321 | D:5      | Killed Dowan
  5496 | D:5      | Found a white marble altar of Elyvilon.
  6301 | D:5      | Found a glowing golden altar of the Shining One.
  7074 | D:6      | Noticed a +0 hand axe
  7075 | D:6      | Found a hide-covered altar of Uskayaw.
  7075 | D:6      | Noticed a +0 dagger
  7125 | D:7      | Reached XP level 8. HP: 24/60 MP: 13/13
  7125 | D:7      | Found a staircase to the Ecumenical Temple.
  7232 | D:7      | Reached skill level 7 in Invocations
  7240 | D:7      | Gained mutation: You tend to lose your temper in combat.
                  | [potion of mutation]
  7240 | D:7      | Gained mutation: Scrolls take you a little longer to read.
                  | [potion of mutation]
  7240 | D:7      | Lost mutation: Scrolls take you a little longer to read.
                  | [potion of mutation]
  7240 | D:7      | Gained mutation: You are somewhat resistant to further
                  | mutation. [potion of mutation]
  7243 | D:7      | Lost mutation: You are somewhat resistant to further
                  | mutation. [potion of mutation]
  7243 | D:7      | Lost mutation: You tend to lose your temper in combat.
                  | [potion of mutation]
  7243 | D:7      | Gained mutation: Armour fits poorly on your strangely
                  | shaped body. [potion of mutation]
  7243 | D:7      | Gained mutation: You are clumsy. (Dex -2) [potion of
                  | mutation]
  7243 | D:7      | Gained mutation: You are somewhat resistant to further
                  | mutation. [potion of mutation]
  7244 | D:7      | Quit the game

Illustrated notes

Levels and vault maps discovered:
D:1:      wheals_arrival_shading, layout_loops_ring, serial_forest,
          infiniplex_forest_pool, infiniplex_forest_clump_cross,
          infiniplex_forest_lined_room_3, infiniplex_forest_lined_3,
          infiniplex_forest_3_way, minmay_misc_feat_iff, minmay_misc_feat_x
D:2:      layout_loops_cross, lemuel_doored_altar, cheibriados_altar_1,
          chequers_ecumenical_altar_simple
D:3:      layout_basic, marbit_many_paths, nicolae_overflow_crystal_walls
D:4:      layout_loops_cross, kennysheep_mini_moat, hangedman_decor_peaks_small,
          corexii_leaking_fountain, st_stairs_2, roderic_serpentine_path,
          uniq_grinder
D:5:      layout_basic, kennysheep_mini, tso_oasis_becter, serial_shops,
          nicolae_shop_overgrown_old_shop, uniq_duvessa
D:6:      layout_cave_pools, dancing_weapons_uskayaw, chequers_decorated_corner
D:7:      layout_loops_ring, minmay_temple_entry_large_hall,
          lightli_ossuary_entry_decrepit_ruins

Skill      XL: |  1  2  3  4  5  6  7  8 |
---------------+-------------------------+-----
Maces & Flails | 2 3 4 5 6 |  6.9
Invocations    | 3 4 5 6 7 |  7.0
Armour         | 2 3 |  3.3
Fighting       | 4 |  4.2
Dodging        | |  0.8

Action                   |  1- 3 |  4- 6 |  7- 9 || total
-------------------------+-------+-------+-------++-------
Melee: Mace              |    88 |    83 |       ||   171
       Morningstar       |       |    57 |    95 ||   152
       Headbutt          |       |       |    16 ||    16
Throw: Dart              |    10 |     2 |       ||    12
       Boomerang         |       |    37 |       ||    37
       Stone             |       |     1 |       ||     1
Invok: Depart the Abyss  |     1 |       |       ||     1
       Bend Space        |       |     3 |     4 ||     7
  Use: Scroll            |       |     5 |     8 ||    13
       Potion            |       |       |     2 ||     2
Armor: Leather armour    |    20 |     9 |       ||    29
       Ring mail         |       |     8 |    27 ||    35
Dodge: Dodged            |    59 |   126 |    61 ||   246
